 Dungeon Crawl Stone Soup version 0.24.0-123-gd5b16e6ec5 (webtiles) character file.

Game seed: 6399421081695715086, levelgen mode: deterministic

125 FishyPogo the Magician (level 4, -33/24 HPs)
             Began as a Deep Elf Wizard on Dec 23, 2019.
             Killed by the fiery rage of Trog (40 damage)
             ... on level 2 of the Dungeon.
             The game lasted 00:08:12 (1926 turns).

FishyPogo the Magician (Deep Elf Wizard)            Turns: 1926, Time: 00:08:12

Health: -33/24     AC:  2    Str:  4    XL:     4   Next: 82%
Magic:  6/13       EV: 13    Int: 24    God:
Gold:   66         SH:  0    Dex: 13    Spells: 4/13 levels left

rFire    . . .     SeeInvis .   f - +0 short sword (drain)
rCold    . . .     Gourm    .   (no shield)
rNeg     . . .     Faith    .   a - +0 robe
rPois    .         Spirit   .   b - +0 hat
rElec    .         Reflect  .   (no cloak)
rCorr    .         Harm     .   (no gloves)
MR       .....                  (no boots)
Stlth    ++........             (no amulet)
HPRegen  0.08/turn              (no ring)
MPRegen  0.13/turn              (no ring)

@: no status effects
A: no striking features
a: no special abilities


You were on level 2 of the Dungeon.
You were not hungry.

You visited 1 branch of the dungeon, and saw 3 of its levels.

You collected 66 gold pieces.

Inventory:

Hand Weapons
 f - a +0 short sword of draining (weapon)
Missiles
 c - 157 stones (quivered)
 i - 2 boomerangs
 n - a throwing net
Armour
 a - a +0 robe (worn)
 b - a +0 hat (worn)
Scrolls
 g - a scroll of identify {unknown}
 h - 2 scrolls of remove curse {unknown}
 j - a scroll of fear {unknown}
 m - 2 scrolls of teleportation {unknown}
 p - a scroll of enchant armour {unknown}
 r - a scroll of magic mapping {unknown}
Potions
 e - a potion of resistance {unknown}
 k - a potion of agility {unknown}
 l - 2 potions of ambrosia {unknown}
 o - a potion of curing {unknown}
Comestibles
 d - 4 rations
 q - 3 chunks of flesh


   Skills:
 * Level 2.5 Short Blades
 + Level 3.4 Dodging
 - Level 3.0 Stealth
 - Level 5.1 Spellcasting
 - Level 1.5 Conjurations
 - Level 1.6 Summonings
   Level 1.1 Translocations
 - Level 0.2 Fire Magic
 - Level 0.1 Air Magic
 - Level 0.5 Poison Magic


You had 4 spell levels left.
You knew the following spells:

 Your Spells              Type           Power        Failure   Level  Hunger
a - Magic Dart            Conj           ##..         4%          1    None
c - Mephitic Cloud        Conj/Pois/Air  #.......     21%         3    ##.....
j - Conjure Flame         Conj/Fire      ##......     19%         3    ##.....
p - Call Imp              Summ           ##......     7%          2    None

Your spell library contained the following spells:

 Spells                   Type           Power        Failure   Level  Hunger
 Blink                    Tloc           N/A          9%          2    None
 Slow                     Hex            #.......     13%         2    None


Dungeon Overview and Level Annotations

Branches:
Dungeon (3/15)

Altars:
Trog


Message History

* * * LOW HITPOINT WARNING * * *
You hit the gnoll but do no damage. You drain the gnoll.
You kill the gnoll!
Your magical contamination has completely faded away.
Casting: Magic Dart (safe; 4% risk of failure)
Confirm with . or Enter, or press ? or * to list all spells.
Aiming: Magic Dart (safe; 4% risk of failure)
Press: ? - help, Shift-Dir - straight line, f/p - gnoll
Aim: a gnoll, wielding a +0 flail (almost dead, heavily drained)
The magic dart hits the gnoll.
You kill the gnoll!
There is a stone staircase leading up here.
You climb upwards.
There is a stone staircase leading down here.
You start resting.
You feel Trog's fiery rage upon you!
There is a sudden and violent explosion of flames!
The fireball engulfs you!!!
Ouch! That really hurt!
You die...

.........###.##.......)..#
.>.......................#
......<..#...###.........#
...>....#..#.###.........#
.......#.....#...#########
###.###..)#.....#.....##
55...#..#..............##
###.............<.......#########
..#.##.#........@....≈.....≈.≈≈.#
#.#.##.#.................≈......#
#.#.#................≈≈≈≈≈≈≈≈≈..#
#.......#..).........≈≈≈≈≈≈≈≈≈≈≈#
###..................≈≈≈≈≈≈≈≈≈..#
###......#..........≈≈≈≈.≈≈≈≈≈..#
......#..##.....#..≈≈≈≈≈≈_)≈≈≈≈.#
.<....#..##..#.####.≈≈≈≈.♣♣≈≈≈≈≈#
..)..#......#..####≈≈≈≈≈≈≈≈≈≈≈.≈#


There were no monsters in sight!

Vanquished Creatures
  6 gnolls (D:3)
  An adder (D:2)
  An ooze (D:1)
  A worm (D:2)
  3 leopard geckos
  2 giant cockroaches (D:2)
  4 goblins
  4 hobgoblins
  2 jackals (D:2)
  A ball python (D:2)
  10 bats
  3 frilled lizards
  6 kobolds
  5 rats
49 creatures vanquished.

Vanquished Creatures (collateral kills)
  2 worms (D:2)
  A jackal (D:2)
  A kobold (D:2)
  A bat (D:2)
5 creatures vanquished.

Grand Total: 54 creatures vanquished

Notes
Turn   | Place    | Note
-------+----------+-------------------------------------------
     0 | D:1      | FishyPogo the Deep Elf Wizard began the quest for the Orb.
     0 | D:1      | Reached XP level 1. HP: 10/10 MP: 7/7
   124 | D:1      | Reached XP level 2. HP: 15/15 MP: 1/9
   128 | D:1      | Learned a level 2 spell: Call Imp
   694 | D:2      | Reached skill level 1 in Short Blades
   887 | D:2      | Reached XP level 3. HP: 16/19 MP: 1/11
   892 | D:2      | Learned a level 3 spell: Conjure Flame
   896 | D:2      | Learned a level 3 spell: Mephitic Cloud
   956 | D:2      | Reached skill level 5 in Spellcasting
  1192 | D:2      | Found a faded altar of an unknown god.
  1330 | D:2      | Became a worshipper of Trog the Wrathful
  1330 | D:2      | Reached * piety under Trog
  1331 | D:2      | Fell from the grace of Trog
  1622 | D:3      | Reached XP level 4. HP: 11/24 MP: 4/13
  1829 | D:3      | Paralysed by Trog for 7 turns
  1926 | D:2      | Killed by the fiery rage of Trog

Levels and vault maps discovered:
D:1:      eino_arrival_water_star, layout_basic
D:2:      layout_rooms, first_ration, chequers_ecumenical_altar_island
D:3:      layout_basic

Skill      XL: |  1  2  3  4 |
---------------+-------------+-----
Short Blades   | 1 2 |  2.5
Spellcasting   | 5 |  5.1
Stealth        | 3 |  3.0
Dodging        | 3 |  3.4
Conjurations   | |  1.5
Summonings     | |  1.6
Translocations | |  1.1
Fire Magic     | |  0.2
Air Magic      | |  0.1
Poison Magic   | |  0.5

Action                   |  1- 3 |  4- 6 || total
-------------------------+-------+-------++-------
Melee: Short sword       |    48 |    16 ||    64
 Cast: Magic Dart        |    89 |    19 ||   108
       Call Imp          |    12 |       ||    12
       Mephitic Cloud    |       |     3 ||     3
Invok: Renounce Religion |     1 |       ||     1
 Stab: Sleeping          |     2 |       ||     2
  Eat: Chunk             |     2 |     1 ||     3
Armor: Robe              |    22 |     3 ||    25
Dodge: Dodged            |    73 |    12 ||    85
